 Dungeon Crawl Stone Soup version 0.27.1-3-gb3d3a73c9e (webtiles) character file.

Game seed: 6382666567588406194

426 Crownlay the Blocker (level 7, -4/52 HPs)
             Began as a Formicid Fighter on Oct 18, 2021.
             Killed by divine providence
             ... invoked by an orc priest
              (12 damage)
             ... on level 4 of the Dungeon.
             The game lasted 00:05:49 (3595 turns).

Crownlay the Blocker (Formicid Fighter)             Turns: 3595, Time: 00:05:49

Health: -4/52      AC:  8    Str: 23    XL:     7   Next: 18%
Magic:  7/7        EV:  9    Int:  7    God:
Gold:   202        SH:  0    Dex: 10    Spells: 6/6 levels left

rFire    . . .     SeeInvis +   q - +0 battleaxe
rCold    . . .     Faith    .   (no shield)
rNeg     + . .     Spirit   .   b - +0 scale mail
rPois    .         Reflect  .   (helmet unavailable)
rElec    .         Harm     .   e - +0 cloak
rCorr    .         Rampage  .   (no gloves)
Will     .....                  (no boots)
Stlth    ..........             (no amulet)
HPRegen  0.17/turn              g - ring of positive energy
MPRegen  0.10/turn              (no ring)

@: no status effects
A: permanent stasis, dig shafts and tunnels, antennae 3, four strong arms
a: Dig, Shaft Self


You were on level 4 of the Dungeon.
You visited 1 branch of the dungeon, and saw 4 of its levels.

You collected 202 gold pieces.

Inventory:

Hand Weapons
 q - a +0 battleaxe (weapon)
Armour
 b - a +0 scale mail (worn)
 c - a +0 kite shield
 e - a +0 cloak (worn)
Jewellery
 g - a ring of positive energy (left hand)
Scrolls
 a - a scroll of brand weapon {unknown}
 f - 3 scrolls of identify
 h - a scroll of teleportation
 k - a scroll of enchant armour {unknown}
 l - a scroll of enchant weapon {unknown}
 n - a scroll of magic mapping {unknown}
 p - a scroll of summoning {unknown}
 r - a scroll of blinking {unknown}
Potions
 d - a potion of might
 i - a potion of degeneration
 j - a potion of attraction {unknown}
 m - a potion of invisibility {unknown}
 o - a potion of heal wounds {unknown}


   Skills:
 - Level 3.2 Fighting
 - Level 2.0 Axes
 - Level 3.2 Armour
 + Level 9.1 Shields


You had 6 spell levels left.
You didn't know any spells.
Your spell library contained the following spells:

 Spells                   Type           Power      Damage    Failure   Level
 Passwall                 Tmut/Erth      0%         N/A       86%         2
 Portal Projectile        Hex/Tloc       0%         N/A       98%         3
 Blade Hands              Tmut           0%         N/A       100%        5
 Excruciating Wounds      Necr           0%         N/A       100%        5
 Invisibility             Hex            0%         N/A       100%        6
 Swiftness                Air            Unusable   N/A       N/A         3

Dungeon Overview and Level Annotations

Branches:
Dungeon (4/15)
 Temple: D:4-7

Altars:

Shops:
D:1 !   D:3 (


Innate Abilities, Weirdness & Mutations

You cannot be hasted, slowed, berserked, paralysed or teleported.
You can dig through walls and to a lower floor.
You have a pair of large antennae on your head. (SInv)
Your four strong arms can wield two-handed weapons with a shield.


Message History

The orc closely misses you.
The orc priest moves out of view.
You barely miss the orc.
The orc is moderately wounded.
The orc hits you with a +0 club.
You hit the orc.
The orc is severely wounded.
The orc hits you with a +0 club.
The orc priest mumbles some strange prayers to Beogh against you.
Beogh smites you!
You closely miss the orc.
The orc is severely wounded.
The orc hits you but does no damage. The orc hits you with a +0 club.
You closely miss the orc.
The orc is severely wounded.
The orc priest miscasts a cantrip.
The orc barely misses you.
You hit the orc.
You kill the orc!
The orc hits you with a +0 short sword.
The orc priest mumbles some strange prayers to Beogh against you.
Beogh smites you!
You are too injured to fight recklessly!
You are too injured to fight recklessly!
You are too injured to fight recklessly!
You are too injured to fight recklessly!
You are too injured to fight recklessly!
You are too injured to fight recklessly!
You closely miss the orc. The orc hits you with a +0 short sword.
You closely miss the orc. The orc hits you but does no damage.
The orc priest begins to cast a cantrip, but forgets the words!
The orc hits you but does no damage.
The orc priest invokes the aid of Beogh against you.
Beogh smites you!
* * * LOW HITPOINT WARNING * * *
Your scale mail prevents you from hitting the orc.
The orc hits you but does no damage. x2
You closely miss the orc.
The orc priest mumbles some strange prayers to Beogh against you.
Beogh smites you!
You die...

...... .....
.... ... ..
#####.
#...oo#########
{#@.......#
+........#
#........#
#........#
#........#
#........#
#........#
#........#
#........#


You could see an orc priest and an orc.

Vanquished Creatures
  Grinder (D:3)
  Jessica (D:2)
  Terence (D:3)
  7 gnolls
  An adder (D:2)
  An adder skeleton (D:4)
  2 worms (D:2)
  3 dart slugs
  An orc (D:4)
  6 ball pythons
  6 endoplasms
  3 giant cockroaches
  4 hobgoblins
  2 quokkas
  9 bats
  4 frilled lizards
  7 goblins
  10 kobolds
  8 rats
77 creatures vanquished.

Notes
Turn   | Place    | Note
-------+----------+-------------------------------------------
     0 | D:1      | Crownlay the Formicid Fighter began the quest for the Orb.
     0 | D:1      | Reached XP level 1. HP: 18/18 MP: 1/1
    53 | D:1      | Reached skill level 4 in Shields
    73 | D:1      | Reached XP level 2. HP: 21/24 MP: 2/2
   584 | D:1      | Found Bomal's Distillery.
   601 | D:1      | Reached XP level 3. HP: 28/29 MP: 3/3
   604 | D:1      | Reached skill level 5 in Shields
  1109 | D:2      | Reached XP level 4. HP: 35/35 MP: 4/4
  1200 | D:2      | Noticed Jessica
  1205 | D:2      | Killed Jessica
  1206 | D:2      | Reached skill level 6 in Shields
  1258 | D:2      | Found a faded altar of an unknown god.
  1264 | D:2      | Reached XP level 5. HP: 17/41 MP: 5/5
  2225 | D:3      | Noticed Grinder
  2370 | D:3      | Killed Grinder
  2371 | D:3      | Reached skill level 8 in Shields
  2371 | D:3      | Reached XP level 6. HP: 30/47 MP: 6/6
  2552 | D:3      | Noticed Terence
  2563 | D:3      | Killed Terence
  2564 | D:3      | Reached XP level 7. HP: 43/52 MP: 7/7
  2957 | D:3      | Found Rysopubb's Weapon Shop.
  3331 | D:4      | Reached skill level 9 in Shields
  3595 | D:4      | Killed from afar by an orc priest

Illustrated notes

Levels and vault maps discovered:
D:1:      minmay_arrival_semitransparent, layout_basic, serial_shops,
          nicolae_shop_window_shopping, chequers_serial_rivers_room_b
D:2:      layout_basic, hellmonk_ecumenical_altar_run_dry,
          kennysheep_nondescript, uniq_jessica
D:3:      layout_rooms, serial_shops, nicolae_shop_waterfront, uniq_grinder,
          uniq_terence
D:4:      layout_gridville, cheibrodos_ashenzari_chains, ebering_ghost_sewer_d,
          hangedman_decor_points, grunt_tough_drop

Skill      XL: |  1  2  3  4  5  6  7 |
---------------+----------------------+-----
Shields        | 4 5 6 8 9 |  9.1
Fighting       | |  3.2
Axes           | |  2.0
Armour         | |  3.2

Action                   |  1- 3 |  4- 6 |  7- 9 || total
-------------------------+-------+-------+-------++-------
Melee: War axe           |    84 |    89 |    44 ||   217
       Battleaxe         |       |       |    25 ||    25
 Abil: Dig               |       |     1 |     2 ||     3
  Use: Scroll            |       |     2 |       ||     2
Armor: Scale mail        |    50 |    61 |    56 ||   167
Dodge: Dodged            |    52 |    60 |    45 ||   157
